 Dungeon Crawl Stone Soup version 0.31.0-12-g77e489cdc1 (webtiles) character file.

Game seed: 17422374791955090076

18471 firemarshallily the Blocker (level 12, -3/93 HPs)
             Began as a Gnoll Wanderer on Feb 28, 2024.
             Was an Elder of Uskayaw.
             Slain by a death yak (17 damage)
             ... on level 1 of the Lair of Beasts.
             The game lasted 00:49:23 (13925 turns).

firemarshallily the Blocker (Gnoll Wanderer)       Turns: 13925, Time: 00:49:24

Health: -3/93      AC: 13    Str: 20    XL:     12   Next: 58%
Magic:  4/24       EV: 14    Int: 13    God:    Uskayaw [****..]
Gold:   662        SH: 13    Dex: 15    Spells: 11/27 levels left

rFire   + + .        z - +9 spear "Sehoov" {holy, Str+3 Dex+2 SInv Stlth+}
rCold   + + .        J - +2 shield of Resistance {rF++ rC++ Will++}
rNeg    . . .        D - +3 leather armour of the Hecatoncheires {Str+3}
rPois   .            (helmet restricted)
rElec   .            b - +0 cloak
rCorr   +            E - +2 pair of gloves
SInv    +            Q - +0 pair of boots
Will    ++...        v - amulet of the acrobat
Stlth   +++++        M - ring of resist corrosion
HPRegen 0.35/turn    (no ring)
MPRegen 0.19/turn

%: acrobat
@: very slightly contaminated
A: fangs 1, strong nose, distributed training, horns 1, sense surroundings 1,
MP-powered wands
a: Renounce Religion, Stomp, Line Pass


You were on level 1 of the Lair of Beasts.
You worshipped Uskayaw.
Uskayaw was aware of your devotion.
You visited 2 branches of the dungeon, and saw 14 of its levels.
You also visited: Volcano.

You collected 923 gold pieces.
You spent 261 gold pieces at shops.

Inventory:

Hand Weapons
 z - the +9 spear "Sehoov" (weapon) {holy, Str+3 Dex+2 SInv Stlth+}
   (You found it on level 4 of the Dungeon)

   Str+3:     It affects your strength (+3).
   Dex+2:     It affects your dexterity (+2).
   SInv:      It lets you see invisible.
   Stlth+:    It makes you more stealthy.
Missiles
 n - 6 curare-tipped darts
 t - a throwing net
 I - 17 poisoned darts
Armour
 b - a +0 cloak (worn)
 e - a +2 buckler
 D - the +3 leather armour of the Hecatoncheires (worn) {Str+3}
   (You bought it in a shop on level 6 of the Dungeon)

   Str+3:     It affects your strength (+3).
 E - a +2 pair of gloves (worn)
 H - a +1 helmet
 J - the +2 shield of Resistance (worn) {rF++ rC++ Will++}
   (You acquired it on level 10 of the Dungeon)

   rF++:      It greatly protects you from fire.
   rC++:      It greatly protects you from cold.
   Will++:    It greatly increases your willpower.
 Q - a +0 pair of boots (worn)
 T - a +3 chain mail of fire resistance
Jewellery
 v - an amulet of the acrobat (around neck)
 K - a ring of fire
 L - an amulet of guardian spirit
 M - a ring of resist corrosion (left hand)
Wands
 j - a wand of paralysis (3)
 C - a wand of flame (37)
 G - a wand of acid (5)
Scrolls
 a - 3 scrolls of enchant weapon
 c - 2 scrolls of fog
 f - 2 scrolls of poison
 i - a scroll of amnesia
 l - 5 scrolls of brand weapon {unknown}
 m - a scroll of noise {unknown}
 p - 2 scrolls of revelation
 x - 2 scrolls of enchant armour {unknown}
 y - 2 scrolls of teleportation
 A - 2 scrolls of fear
 B - 2 scrolls of blinking
 O - 3 scrolls of immolation {unknown}
 P - 3 scrolls of butterflies {unknown}
 R - a scroll of identify
Potions
 d - 2 potions of magic
 g - 2 potions of haste
 h - 3 potions of ambrosia
 k - a potion of cancellation {unknown}
 o - 3 potions of berserk rage {unknown}
 q - 3 potions of lignification
 r - 6 potions of curing
 s - a potion of brilliance {unknown}
 u - 2 potions of enlightenment
 w - 3 potions of heal wounds
 F - 2 potions of attraction
 N - a potion of invisibility {unknown}


   Skills:
 + Level 8.2 Fighting
 + Level 7.7 Short Blades
 + Level 7.7 Long Blades
 + Level 7.7 Axes
 + Level 7.7 Maces & Flails
 + Level 7.7 Polearms
 + Level 7.7 Staves
 + Level 7.7 Ranged Weapons
 + Level 8.2 Throwing
 + Level 7.7 Armour
 + Level 7.7 Dodging
 + Level 8.8 Stealth
 + Level 9.0 Shields
 + Level 7.7 Unarmed Combat
 + Level 8.2 Spellcasting
 + Level 6.4 Conjurations
 + Level 6.4 Hexes
 + Level 6.4 Summonings
 + Level 6.4 Necromancy
 + Level 6.4 Translocations
 + Level 6.4 Fire Magic
 + Level 6.4 Ice Magic
 + Level 6.4 Air Magic
 + Level 7.5 Earth Magic
 + Level 6.4 Alchemy
 + Level 8.4 Invocations
 + Level 8.2 Evocations
 + Level 7.0 Shapeshifting


You had 11 spell levels left.
You knew the following spells:

 Your Spells              Type           Power      Damage    Failure   Level
a - Sandblast             Erth           50%        2d12      1%          1
b - Olgreb's Toxic Radia  Alch           22%        N/A       22%         4
c - Fulminant Prism       Conj/Alch      11%        3d9       22%         4
d - Frozen Ramparts       Ice            44%        1d7       7%          3
e - Blink                 Tloc           44%        N/A       3%          2
f - Mercury Vapours       Alch/Air       44%        N/A       3%          2

Your spell library contained the following spells:

 Spells                   Type           Power      Damage    Failure   Level
 Freeze                   Ice            88%        1d9       2%          1
 Magic Dart               Conj           88%        1d7       2%          1
 Necrotise                Necr           88%        1d8       2%          1
 Sting                    Conj/Alch      88%        1d8       2%          1
 Summon Small Mammal      Summ           88%        N/A       2%          1
 Ensorcelled Hibernation  Hex/Ice        44%        N/A       3%          2
 Lesser Beckoning         Tloc           44%        N/A       3%          2
 Momentum Strike          Conj/Tloc      44%        3d9       3%          2
 Searing Ray              Conj           44%        2d6       3%          2
 Static Discharge         Conj/Air       44%        3-5/arc   3%          2
 Passwall                 Erth           25%        N/A       4%          3
 Call Canine Familiar     Summ           22%        N/A       7%          3
 Hailstorm                Conj/Ice       22%        3d7       7%          3
 Summon Ice Beast         Ice/Summ       22%        N/A       7%          3
 Swiftness                Air            22%        N/A       7%          3
 Vampiric Draining        Necr           22%        2d7       7%          3
 Volatile Blastmotes      Fire/Tloc      44%        2d13      7%          3
 Airstrike                Air            11%        2d(2-18)  22%         4
 Anguish                  Hex/Necr       11%        N/A       22%         4
 Cause Fear               Hex            11%        N/A       22%         4
 Iskenderun's Mystic Bla  Conj/Tloc      22%        2d6       22%         4
 Martyr's Knell           Necr/Summ      22%        N/A       22%         4
 Summon Blazeheart Golem  Fire/Summ      22%        N/A       22%         4
 Summon Lightning Spire   Summ/Air       22%        N/A       22%         4
 Borgnjor's Vile Clutch   Necr/Erth      11%        N/A       43%         5
 Alistair's Intoxication  Alch           14%        N/A       52%         5
 Curse of Agony           Necr           22%        N/A       52%         5
 Eringya's Noxious Bog    Alch           11%        4d6       98%         6
 Sculpt Simulacrum        Ice/Alch       11%        N/A       98%         6
 Enfeeble                 Hex            11%        N/A       100%        7
 Orb of Destruction       Conj           11%        9d6       100%        7
 Spellforged Servitor     Conj/Summ      11%        N/A       100%        7


Dungeon Overview and Level Annotations

Branches:
Dungeon (13/15)            Temple (0/1) D:6            Lair (1/5) D:8
    Orc (0/2) D:11        Volcano (visited)
 Vaults: D:13-14

Altars:
Ashenzari
Cheibriados
Dithmenos
Elyvilon
Fedhas
Hepliaklqana
Nemelex Xobeh
Okawaru
Qazlal
Sif Muna
Trog
Uskayaw
Vehumet
Wu Jian
Xom
Zin
The Shining One

Shops:
D:5 *   D:6 ::[

Annotations:
D:10 2 transporters, OlivierBoivin's ghost, novice AtAr
Lair:1 1 runed translucent door, spaghetti's ghost, novice OnCK


Innate Abilities, Weirdness & Mutations

You have very sharp teeth.
Your uncanny sense of smell can sniff out nearby items.
Your experience applies equally to all skills.
You have a pair of small horns on your head.
You passively map a small area around you.
You expend magic power (3 MP) to strengthen your wands.


Message History

The wall freezes the death yak but does no damage. x2
The death yak gores you!
Uskayaw will force your foes to helplessly watch your dance.
Uskayaw prepares the audience for your solo!
The helpless death yak fails to defend itself.
You hit the death yak.
You bite the death yak, but do no damage.
The death yak is heavily wounded.
You feel sick.
The wall freezes the death yak but does no damage.
The wall freezes the death yak.
The wall freezes the death yak but does no damage.
The helpless death yak fails to defend itself.
You puncture the death yak! You headbutt the death yak!
The death yak is severely wounded.
The death yak is no longer paralysed. x3
Uskayaw will force your foes to share their pain.
Uskayaw links your audience in an emotional bond!
Unknown command.
You hit the death yak.
You kill the death yak!
You feel sick.
The wall freezes the death yak.
The wall freezes the death yak but does no damage.
The death yak gores you but does no damage.
Unknown command.
You hit the death yak.
You headbutt the death yak, but do no damage.
The death yak is heavily wounded.
The frozen ramparts melt away.
You feel sick. The death yak closely misses you.
You block the death yak's attack.
Unknown command.
You barely miss the death yak. You headbutt the death yak.
You bite the death yak, but do no damage.
The death yak is heavily wounded.
You feel sick.
You are no longer poisoned.
The death yak looks more healthy.
The death yak gores you!!
* * * LOW HITPOINT WARNING * * *
The death yak gores you!
You die...

*,,,,,,,,,,,,,,,,,,****
**,,,,*
**,,,,,,,,,,∆,......#.*
*,,,**
**,*,,,,,,,,**,.......**
**,**
*,,,**,,,,,****......,*
*** ,,****#...,∆*
*#....*,** ,,* #....**
#...***,** ,,* *#...##
#..#**,,,* #,* *#...#
##YY# **,,* #.*
#...###.@.# *,∆* ..#*
#...#.....##**,,** #..#*
##..........#.*,,,* ***
....*###P..............,,*
**,*
*#..##.#............###*,*
*,,** *#................##
*** *,,,**
##....##.##.....P# ***,,,
##..########....## **,*,,
##...# #...## *,**,,


You could see 2 death yaks.

Vanquished Creatures
  A centaur warrior (Volcano)
  2 boulder beetles (D:12)
  A two-headed ogre (D:12)
  A death yak (Lair:1)
  A hell knight (Volcano)
  A deep elf pyromancer (D:12)
  An ugly thing (D:11)
  A cyclops (D:12)
  A torpor snail (Lair:1)
  A black mamba (Lair:1)
  A cane toad (Lair:1)
  An unseen horror (D:11)
  A komodo dragon (D:11)
  2 yaktaurs (Volcano)
  5 trolls (D:12)
  A hornet (D:8)
  3 shadows
  A water elemental (D:11)
  7 wyverns
  23 yaks
  2 steam dragons (D:10)
  Menkaure (D:6)
  7 water moccasins
  8 orc warriors
  2 sky beasts
  A black bear (D:4)
  3 ogres
  6 centaurs
  A phantom (D:5)
  4 kobold brigands
  A gnoll sergeant (D:7)
  2 scorpions
  4 bullfrogs
  4 wights
  5 killer bees (D:10)
  9 howler monkeys
  6 electric eels (D:11)
  A bombardier beetle (D:5)
  A jelly (D:7)
  2 hounds
  12 orc priests
  3 sleepcaps
  3 iguanas
  11 orc wizards
  9 adders
  4 gnolls (D:7)
  A shadow imp (D:7)
  A white imp (D:8)
  6 dart slugs
  49 orcs
  8 ball pythons
  5 endoplasms
  11 giant cockroaches
  7 goblins
  11 hobgoblins
  10 jackals
  3 quokkas
  4 bats
  2 frilled lizards (D:3)
  31 kobolds
  3 rats
320 creatures vanquished.

Vanquished Creatures (others)
  6 fulminant prisms
6 creatures vanquished.

Grand Total: 326 creatures vanquished

Notes
Turn   | Place    | Note
-------+----------+-------------------------------------------
     0 | D:1      | firemarshallily the Gnoll Wanderer began the quest for the
                  | Orb.
     0 | D:1      | firemarshallily set off with the following items: a +0
                  | dagger, a +0 cloak, a scroll of fog, a +0 robe, a +2
                  | buckler; and the following spell memorised: Sandblast; and
                  | the following spells available to memorise: Passwall.
     0 | D:1      | Reached XP level 1. HP: 17/17 MP: 4/4
   174 | D:1      | Reached XP level 2. HP: 23/23 MP: 1/5
   394 | D:1      | Reached XP level 3. HP: 28/28 MP: 7/7
   908 | D:2      | Reached skill level 1 in Invocations
   994 | D:2      | Reached skill level 1 in Short Blades
   994 | D:2      | Reached skill level 1 in Long Blades
   994 | D:2      | Reached skill level 1 in Axes
   994 | D:2      | Reached skill level 1 in Maces & Flails
   994 | D:2      | Reached skill level 1 in Polearms
   994 | D:2      | Reached skill level 1 in Staves
   994 | D:2      | Reached skill level 1 in Ranged Weapons
   994 | D:2      | Reached skill level 1 in Armour
   994 | D:2      | Reached skill level 1 in Dodging
   994 | D:2      | Reached skill level 1 in Unarmed Combat
  1038 | D:2      | Reached skill level 1 in Shapeshifting
  1038 | D:2      | Reached XP level 4. HP: 34/34 MP: 5/8
  1266 | D:2      | Reached skill level 1 in Conjurations
  1266 | D:2      | Reached skill level 1 in Hexes
  1266 | D:2      | Reached skill level 1 in Summonings
  1266 | D:2      | Reached skill level 1 in Necromancy
  1266 | D:2      | Reached skill level 1 in Translocations
  1266 | D:2      | Reached skill level 1 in Fire Magic
  1266 | D:2      | Reached skill level 1 in Ice Magic
  1266 | D:2      | Reached skill level 1 in Air Magic
  1266 | D:2      | Reached skill level 1 in Alchemy
  1672 | D:3      | HP: 1/34 [something/magic dart (11)]
  1673 | D:3      | Gained mutation: You are weak. (Str -2) [potion of
                  | mutation]
  1682 | D:3      | Reached XP level 5. HP: 19/40 MP: 9/9
  2184 | D:3      | Found a broken altar of Ashenzari.
  2240 | D:3      | Found a hide-covered altar of Uskayaw.
  2520 | D:3      | You fall into a shaft and drop 1 floor!
  2813 | D:4      | Noticed an ogre
  2841 | D:4      | Noticed a black bear
  2848 | D:4      | Killed a black bear
  2849 | D:4      | Reached skill level 5 in Shields
  2849 | D:4      | Reached XP level 6. HP: 29/47 MP: 3/11
  2991 | D:4      | Identified the +9 spear "Sehoov" {holy, Str+3 Dex+2 SInv
                  | Stlth+}
  3792 | D:5      | Entered Level 5 of the Dungeon
  3848 | D:5      | Reached XP level 7. HP: 50/52 MP: 9/12
  3962 | D:5      | Reached skill level 5 in Stealth
  4075 | D:5      | Found Geejuneibb's Gadget Gallery.
  4220 | D:5      | Found a blossoming altar of Fedhas.
  4539 | D:6      | Found a stormy altar of Qazlal.
  4542 | D:6      | Found a radiant altar of Vehumet.
  4550 | D:6      | Found a hazy altar of Hepliaklqana.
  4553 | D:6      | Found a bloodstained altar of Trog.
  4555 | D:6      | Found an ornate altar of the Wu Jian Council.
  4561 | D:6      | Found a shadowy altar of Dithmenos.
  4653 | D:3      | Became a worshipper of Uskayaw the Reveller
  4705 | D:6      | Found Uczy's Book Boutique.
  4714 | D:6      | Noticed Menkaure
  4722 | D:6      | Reached * piety under Uskayaw
  4723 | D:6      | Killed Menkaure
  4723 | D:6      | Reached ** piety under Uskayaw
  4724 | D:6      | Reached XP level 8. HP: 60/60 MP: 14/14
  4733 | D:6      | Reached *** piety under Uskayaw
  4736 | D:6      | Reached **** piety under Uskayaw
  4744 | D:6      | Reached ***** piety under Uskayaw
  4917 | D:6      | Found Jufyu's Book Shop.
  5150 | D:6      | Found Awarch's Antique Armour Shoppe.
  5154 | D:6      | Found a shimmering blue altar of Sif Muna.
  5171 | D:6      | Bought a heavily runed leather armour for 126 gold pieces
  5171 | D:6      | Identified the +3 leather armour of the Hecatoncheires
                  | {Str+3} (You bought it in a shop on level 6 of the Dungeon)
  5171 | D:6      | Bought a pair of embroidered gloves for 135 gold pieces
  5332 | D:6      | Found a staircase to the Ecumenical Temple.
  5720 | D:7      | Reached skill level 6 in Shields
  5761 | D:7      | Reached skill level 5 in Earth Magic
  5925 | D:7      | Found a shimmering altar of Xom.
  6019 | D:7      | Noticed a shadow
  6026 | D:7      | Killed a shadow
  6027 | D:7      | Reached skill level 5 in Spellcasting
  6027 | D:7      | Reached XP level 9. HP: 67/67 MP: 16/16
  6276 | D:7      | Reached skill level 5 in Fighting
  6276 | D:7      | Reached skill level 5 in Throwing
  6276 | D:7      | Reached skill level 5 in Evocations
  6752 | D:8      | Noticed a hornet
  6760 | D:8      | Killed a hornet
  6851 | D:8      | Reached skill level 5 in Invocations
  6937 | D:8      | Found a staircase to the Lair.
  6966 | D:8      | Reached skill level 5 in Short Blades
  6966 | D:8      | Reached skill level 5 in Long Blades
  6966 | D:8      | Reached skill level 5 in Axes
  6966 | D:8      | Reached skill level 5 in Maces & Flails
  6966 | D:8      | Reached skill level 5 in Polearms
  6966 | D:8      | Reached skill level 5 in Staves
  6966 | D:8      | Reached skill level 5 in Ranged Weapons
  6966 | D:8      | Reached skill level 5 in Armour
  6966 | D:8      | Reached skill level 5 in Dodging
  6966 | D:8      | Reached skill level 5 in Unarmed Combat
  6966 | D:8      | Reached XP level 10. HP: 46/76 MP: 18/18
  6973 | D:8      | Reached skill level 7 in Shields
  7545 | D:9      | Found a snail-covered altar of Cheibriados.
  7561 | D:9      | Found a sparkling altar of Nemelex Xobeh.
  7585 | D:9      | Reached skill level 5 in Shapeshifting
  8393 | D:10     | Entered Level 10 of the Dungeon
  8583 | D:10     | Reached skill level 5 in Conjurations
  8583 | D:10     | Reached skill level 5 in Hexes
  8583 | D:10     | Reached skill level 5 in Summonings
  8583 | D:10     | Reached skill level 5 in Necromancy
  8583 | D:10     | Reached skill level 5 in Translocations
  8583 | D:10     | Reached skill level 5 in Fire Magic
  8583 | D:10     | Reached skill level 5 in Ice Magic
  8583 | D:10     | Reached skill level 5 in Air Magic
  8583 | D:10     | Reached skill level 5 in Alchemy
  8583 | D:10     | Reached XP level 11. HP: 40/83 MP: 21/21
  8826 | D:10     | Found a transporter.
  8828 | D:10     | Noticed a moth of wrath
  8829 | D:10     | Noticed a two-headed ogre
  8833 | D:10     | Found a bloodstained altar of Trog.
  8833 | D:10     | Noticed a deep troll
  8841 | D:10     | Learned a level 4 spell: Olgreb's Toxic Radiance
  8846 | D:10     | Learned a level 4 spell: Fulminant Prism
  8850 | D:10     | Learned a level 3 spell: Frozen Ramparts
  8853 | D:10     | Learned a level 2 spell: Blink
  8859 | D:10     | Noticed a two-headed ogre
  8864 | D:10     | Found a glowing golden altar of the Shining One.
  8867 | D:10     | Found a white marble altar of Elyvilon.
  8867 | D:10     | Found a glowing silver altar of Zin.
  9216 | D:10     | Found a transporter.
  9237 | D:10     | Identified a scroll of acquirement
  9238 | D:10     | Acquired the +2 shield of Resistance {rF++ rC++ Will++}
  9238 | D:10     | Found the +2 shield of Resistance {rF++ rC++ Will++}
  9260 | D:10     | Noticed OlivierBoivin's ghost (novice AtAr)
  9318 | D:11     | Noticed a purple ugly thing
  9322 | D:11     | Noticed a stone giant
  9329 | D:11     | Killed a purple ugly thing
 10460 | D:11     | Learned a level 2 spell: Mercury Vapours
 10534 | D:11     | Reached skill level 8 in Shields
 10545 | D:11     | Reached ****** piety under Uskayaw
 11479 | D:11     | Found a staircase to the Orcish Mines.
 11651 | D:12     | Noticed a boulder beetle
 11760 | D:12     | Noticed a deep elf pyromancer
 11787 | D:12     | Killed a boulder beetle
 11800 | D:12     | Killed a deep elf pyromancer
 11897 | D:12     | Found an iron altar of Okawaru.
 11912 | D:12     | Identified the +9 falchion of In Flagrante Delicto {flame,
                  | rC+}
 12131 | D:12     | Noticed a boulder beetle
 12177 | D:12     | Killed a boulder beetle
 12440 | D:12     | Noticed a two-headed ogre
 12441 | D:12     | Noticed a cyclops
 12454 | D:12     | Killed a two-headed ogre
 12455 | D:12     | Reached XP level 12. HP: 92/92 MP: 20/23
 12757 | D:13     | Noticed a centaur warrior
 13043 | Lair:1   | Entered Level 1 of the Lair of Beasts
 13043 | Lair:1   | Noticed spaghetti's ghost (novice OnCK)
 13043 | Lair:1   | Found a runed translucent door.
 13256 | Lair:1   | Found a dark tunnel.
 13261 | Volcano  | Entered a volcano
 13283 | Volcano  | Noticed a centaur warrior
 13287 | Volcano  | Found a burning altar of Makhleb.
 13296 | Volcano  | Noticed a hell knight
 13305 | Volcano  | Killed a centaur warrior
 13426 | Volcano  | Killed a hell knight
 13454 | Volcano  | Reached skill level 9 in Shields
 13526 | Volcano  | Lost mutation: You are weak. (Str -2) [potion of mutation]
 13526 | Volcano  | Gained mutation: You have a pair of small horns on your
                  | head. [potion of mutation]
 13526 | Volcano  | Gained mutation: You expend magic power (3 MP) to
                  | strengthen your wands. [potion of mutation]
 13526 | Volcano  | Gained mutation: You passively map a small area around you.
                  | [potion of mutation]
 13910 | Lair:1   | Noticed a death yak
 13910 | Lair:1   | Noticed a death yak
 13915 | Lair:1   | Noticed a death yak
 13923 | Lair:1   | Killed a death yak
 13925 | Lair:1   | Slain by a death yak

Illustrated notes

Levels and vault maps discovered:
D:1:      heliophobic_arrival_dark_side_of_the_moon, layout_basic, minivault_4
D:2:      layout_rooms, minmay_between
D:3:      minmay_roachtagon, layout_basic, mainiacjoe_overflow_six_doors_small,
          mainiacjoe_overflow_chevrons, dk_vineyard_3, minmay_fractal_squares_5
D:4:      layout_loops_ring
D:5:      layout_loops_cross, lemuel_tele_altar, nicolae_shop_gadgets
D:6:      layout_rooms, nicolae_overflow_hallway_of_the_gods,
          nicolae_sif_muna_condensation, minmay_temple_entry_nine_rooms,
          serial_shops, nicolae_shop_pleasant_corner_grove,
          nicolae_book_shop_shelving, shop, minmay_statues_item, uniq_menkaure
D:7:      layout_basic, lemuel_crystal_altar, serial_glass, glass_columns_c,
          glass_columns_b
D:8:      layout_cave_pools, minmay_lair_entry_grove
D:9:      layout_loops_cross, mainiacjoe_overflow_cross_hatched,
          mainiacjoe_overflow_concentric_impassable, dk_noncrumbling_3
D:10:     layout_gridville, dreamdust_divine_triumvirate,
          gammafunk_ghost_wrathful_warriors
D:11:     layout_loops_ring, erik_orc_2, kennysheep_island_fort
D:12:     layout_roguey, okawaru_ov_weapons_minmay
D:13:     layout_long_grid, grunt_vaults_entry_tiered, serial_bayou,
          serial_bayou_lake_a, serial_bayou_pond_e, serial_bayou_ford_a,
          serial_bayou_pond_e, serial_shops, shop, shop, shop
Lair:1:   layout_layer_cave, gammafunk_ghost_grave, basic_altar,
          nicolae_volcano_entry_s_turn

Skill      XL: |  1  2  3  4  5  6  7  8  9 10 11 12 |
---------------+-------------------------------------+-----
Invocations    | 1 2 3 4 5 6 7 8 |  8.4
Short Blades   | 1 2 3 4 5 6 7 |  7.7
Long Blades    | 1 2 3 4 5 6 7 |  7.7
Axes           | 1 2 3 4 5 6 7 |  7.7
Maces & Flails | 1 2 3 4 5 6 7 |  7.7
Polearms       | 1 2 3 4 5 6 7 |  7.7
Staves         | 1 2 3 4 5 6 7 |  7.7
Ranged Weapons | 1 2 3 4 5 6 7 |  7.7
Armour         | 1 2 3 4 5 6 7 |  7.7
Dodging        | 1 2 3 4 5 6 7 |  7.7
Unarmed Combat | 1 2 3 4 5 6 7 |  7.7
Spellcasting   | 3 4 5 6 7 8 |  8.2
Shapeshifting  | 1 2 3 4 5 6 7 |  7.0
Conjurations   | 1 2 3 4 5 6 |  6.4
Hexes          | 1 2 3 4 5 6 |  6.4
Summonings     | 1 2 3 4 5 6 |  6.4
Necromancy     | 1 2 3 4 5 6 |  6.4
Translocations | 1 2 3 4 5 6 |  6.4
Fire Magic     | 1 2 3 4 5 6 |  6.4
Ice Magic      | 1 2 3 4 5 6 |  6.4
Air Magic      | 1 2 3 4 5 6 |  6.4
Alchemy        | 1 2 3 4 5 6 |  6.4
Fighting       | 3 4 5 6 7 8 |  8.2
Throwing       | 3 4 5 6 7 8 |  8.2
Evocations     | 3 4 5 6 7 8 |  8.2
Earth Magic    | 4 5 6 7 |  7.5
Shields        | 5 6 7 8 9 |  9.0
Stealth        | 5 6 7 8 |  8.8

Action                     |  1- 3 |  4- 6 |  7- 9 | 10-12 || total
---------------------------+-------+-------+-------+-------++-------
  Melee: Dagger            |    14 |       |       |       ||    14
         Bite              |     2 |     5 |    25 |    70 ||   102
         Short sword       |     3 |    50 |       |       ||    53
         Spear             |       |    15 |   269 |   600 ||   884
         Headbutt          |       |       |       |     6 ||     6
   Cast: Sandblast         |    38 |    94 |    23 |     4 ||   159
         Frozen Ramparts   |       |       |       |    15 ||    15
         Mercury Vapours   |       |       |       |    10 ||    10
         Olgreb's Toxic Ra |       |       |       |    11 ||    11
         Fulminant Prism   |       |       |       |     6 ||     6
         Blink             |       |       |       |     1 ||     1
 Invoke: Grand Finale      |       |       |       |     1 ||     1
    Use: Potion            |       |     6 |     2 |     5 ||    13
         Scroll            |       |       |       |    15 ||    15
   Stab: Paralysed         |       |       |    25 |    44 ||    69
         Sleeping          |       |       |     5 |    11 ||    16
         Distracted        |       |       |     2 |     1 ||     3
 Armour: Leather armour    |    11 |    77 |    95 |   254 ||   437
         Skin              |       |       |     6 |       ||     6
  Dodge: Dodged            |     9 |    64 |    89 |   236 ||   398
  Block: Buckler           |    12 |    30 |    75 |    56 ||   173
         Kite shield       |       |       |       |   215 ||   215
